AoeStats
← So sad

Nomad

504573252Analyzed
3v3 RM · 27d ago on Sep 5, 2026· 12m 47s· 6 players
Game mode
Random Map
Map size
210×210
Population
200
Speed
Normal
Resources
Standard
Victory
Conquest
Starting age
Dark Age
Ending age
Imperial Age
RankedLock teamsTeams togetherTeam positionsShared explorationLock speedFull tech treeHidden civsTurbo modeCheats
Victory
Defeat
🇺🇦 Celts · Ukraine
1304
+20
🇧🇾 Vikings · Belarus
1292
+21
🇧🇾 Romans · Belarus
1281
+20
🇦🇹 Huns · Austria
1412
-21
🇪🇸 Turks · Spain
1410
-21
🇹🇷 Goths · Türkiye
1358
-19
BoBa
7:04 Loom
13:36 Feudal Age
IRON MIKE
[KBRA] EagleK
3:16 Loom
14:39 Feudal Age
So sad
3:43 Loom
NiL
4:52 Loom
11:43 Feudal Age
12:17 Man-at-Arms
HURMA
4:51 Loom
12:47 Feudal Age
Connection lost

Rejoining the realm…

Still unreachable

The connection could not be restored.

Session expired

The server has moved on; the page needs a fresh start.